 Dungeon Crawl Stone Soup version 0.26-a0-639-g72c4674329 (webtiles) character file.

Game seed: 2407599321106343871

229 Borgoz the Ruffian (level 6, 0/52 HPs)
             Began as a Ghoul Gladiator on Sept 20, 2020.
             Slain by a goblin
             ... wielding a +0 dagger
             ... led by Robin
              (2 damage)
             ... on level 4 of the Dungeon.
             The game lasted 00:03:25 (3683 turns).

Borgoz the Ruffian (Ghoul Gladiator)                Turns: 3683, Time: 00:03:26

Health: 0/52       AC:  4    Str: 18    XL:     6   Next: 3%
Magic:  5/5        EV: 13    Int:  4    God:
Gold:   174        SH:  0    Dex: 11    Spells: 5/5 levels left

rFire    . . .     SeeInvis .     - Unarmed
rCold    + . .     Faith    .   (no shield)
rNeg     + + +     Spirit   .   a - +0 leather armour
rPois    ∞         Reflect  .   g - +1 hat
rElec    .         Harm     .   (no cloak)
rCorr    .         Rampage  .   (no gloves)
MR       .....                  (no boots)
Stlth    +.........             (no amulet)
HPRegen  0.00/turn              (no ring)
MPRegen  0.09/turn              (no ring)

@: no status effects
A: rotting body, claws 1, cold resistance 1, negative energy resistance 3,
inhibited regeneration, torment resistance, unbreathing
a: no special abilities


You were on level 4 of the Dungeon.
You visited 1 branch of the dungeon, and saw 4 of its levels.

You collected 174 gold pieces.

Inventory:

Missiles
 c - 3 throwing nets (quivered)
Armour
 a - a +0 leather armour (worn)
 g - a +1 hat (worn)
 q - a +0 scale mail
Jewellery
 r - an uncursed ring of fire
Wands
 u - a wand of digging (4)
Scrolls
 d - a scroll of identify {unknown}
 e - 2 scrolls of teleportation
 f - 3 scrolls of remove curse
 h - a scroll of noise {unknown}
 j - a scroll of random uselessness {unknown}
 k - a scroll of fog {unknown}
 m - a scroll of amnesia {unknown}
 o - a scroll of enchant weapon {unknown}
 t - a scroll of fear {unknown}
Potions
 b - 2 potions of stabbing {unknown}
 i - a potion of resistance {unknown}
 l - a potion of curing
 n - a potion of invisibility {unknown}
 p - a potion of brilliance {unknown}
 s - a potion of heal wounds {unknown}
 v - a potion of cancellation {unknown}


   Skills:
 + Level 3.8 Fighting
 - Level 1.7 Throwing
 + Level 2.3 Armour
 + Level 3.7 Dodging
 + Level 4.5 Unarmed Combat


You had 5 spell levels left.
You didn't know any spells.
Your spell library was empty.

Dungeon Overview and Level Annotations

Branches:
Dungeon (4/15)
 Temple: D:4-7

Altars:
Hepliaklqana
Nemelex Xobeh
Sif Muna

Shops:
D:4 (

Annotations:
D:4 Robin, Sigmund


Innate Abilities, Weirdness & Mutations

Your body is rotting away.
You thrive by killing the living.
You are immune to poison.
You have sharp fingernails.
Your flesh is cold resistant. (rC+)
You are immune to negative energy. (rN+++)
You do not regenerate when monsters are visible.
You are immune to unholy pain and torment.
You can survive without breathing.


Message History

The hobgoblins go into a battle-frenzy!
Items here: ( )))) †††.
You closely miss the worker ant. Robin throws the goblin at you!
The worker ant barely misses you. The goblin hits you but does no damage.
You scratch the worker ant but do no damage.
The worker ant bites you. The goblin hits you with a +0 dagger.
* * * LOW HITPOINT WARNING * * *
You claw the worker ant!
The worker ant is severely wounded.
The worker ant bites you.
* * * LOW HITPOINT WARNING * * *
The goblin closely misses you.
You scratch the worker ant but do no damage.
The worker ant is severely wounded.
The worker ant bites you!
* * * LOW HITPOINT WARNING * * *
You scratch the goblin.
The goblin is moderately wounded.
The goblin hits you with a +0 dagger.
You die...

....... #.... ....... #....
....... ######.... .......
.........# .......
.........# .......
......?..####g......
........>g@agg..∩...
#........##g......
#........# .......
##........# #######
...........#############.#.
...........................
....[.................##...
###........#######.........
#........# #.........


You could see a worker ant, Robin, 2 hobgoblins and 2 goblins.

Vanquished Creatures
  A bullfrog skeleton (D:4)
  Terence (D:3)
  A worker ant (D:4)
  6 adders
  A white imp (D:4)
  An ooze (D:3)
  An adder skeleton (D:4)
  A worm (D:4)
  A dart slug (D:2)
  2 leopard geckos
  4 orcs (D:3)
  3 giant cockroaches
  12 goblins
  10 hobgoblins
  7 jackals
  A quokka (D:3)
  A ball python (D:2)
  4 bats
  5 frilled lizards
  10 kobolds
  2 rats
75 creatures vanquished.

Notes
Turn   | Place    | Note
-------+----------+-------------------------------------------
     0 | D:1      | Borgoz the Ghoul Gladiator began the quest for the Orb.
     0 | D:1      | Reached XP level 1. HP: 17/17 MP: 0/0
   229 | D:1      | Reached XP level 2. HP: 19/25 MP: 1/1
   968 | D:2      | Reached XP level 3. HP: 30/30 MP: 2/2
  1024 | D:2      | Reached skill level 1 in Armour
  1122 | D:2      | Found a sparkling altar of Nemelex Xobeh.
  1810 | D:3      | Reached XP level 4. HP: 38/38 MP: 3/3
  1933 | D:3      | Found a hazy altar of Hepliaklqana.
  2049 | D:3      | Reached skill level 4 in Unarmed Combat
  2165 | D:3      | Found a shimmering blue altar of Sif Muna.
  2486 | D:3      | Reached XP level 5. HP: 26/45 MP: 4/4
  2646 | D:3      | Noticed Terence
  2669 | D:3      | Killed Terence
  3401 | D:4      | Noticed Sigmund
  3648 | D:4      | Found Lyplo's Weapon Boutique.
  3652 | D:4      | Noticed Robin
  3667 | D:4      | Reached XP level 6. HP: 36/52 MP: 5/5
  3682 | D:4      | HP: 2/52 [worker ant (7)]
  3683 | D:4      | Slain by a goblin

Illustrated notes

Levels and vault maps discovered:
D:1:      dpeg_arrival_lava_temple_mockup, layout_loops_ring
D:2:      layout_loops_ring, nemelex_xobeh_ov_fountains_minmay
D:3:      layout_loops_corners, old_standard_altar, led_sif_book, uniq_terence
D:4:      layout_basic, serial_shops, shop, uniq_robin, uniq_sigmund,
          uniq_crazy_yiuf_cottage

Skill      XL: |  1  2  3  4  5 |
---------------+----------------+-----
Dodging        | 3 |  3.7
Armour         | 1 2 |  2.3
Fighting       | 3 |  3.8
Unarmed Combat | 4 |  4.5
Throwing       | |  1.7

Action                   |  1- 3 |  4- 6 || total
-------------------------+-------+-------++-------
Melee: Unarmed           |   106 |   166 ||   272
       Punch             |     2 |       ||     2
Throw: Throwing net      |       |     2 ||     2
  Use: Scroll            |       |     2 ||     2
Armor: Leather armour    |    22 |    46 ||    68
Dodge: Dodged            |    58 |    93 ||   151

Table legend: (Time is in decaauts)
 A = Elapsed time spent in this place.
 B = Non-inter-level travel time spent in this place.
 C = Inter-level travel time spent in this place.
 D = Time resting spent in this place.
 E = Time spent auto-exploring this place.
 F = Levels seen in this place.
 G = Mean time per level.
                   A        B        C        D        E       F      G
               +--------+--------+--------+--------+--------+-----+--------+
         Total |   3661 |   3473 |    188 |    143 |   2812 |   4 |  915.2 |
       Dungeon |   3661 |   3473 |    188 |    143 |   2812 |   4 |  915.2 |
               +--------+--------+--------+--------+--------+-----+--------+

Top non-repeatable levels by time:
     D:3: 1308 daAuts
     D:1: 914 daAuts
     D:2: 879 daAuts
     D:4: 559 daAuts
